 Dungeon Crawl Stone Soup version 0.29.0-4-gdea44cf6ec (webtiles) character file.

Game seed: 938579601598890412

354 qw the Chopper (level 6, -2/35 HPs)
             Began as a Tengu Warper on Aug 28, 2022.
             Slain by Edmund
             ... wielding a +2 flail of holy wrath
              (14 damage)
             ... on level 4 of the Dungeon.
             The game lasted 00:00:21 (4446 turns).

qw the Chopper (Tengu Warper)                       Turns: 4446, Time: 00:00:22

Health: -2/35      AC: 11    Str: 13    XL:     6   Next: 63%
Magic:  9/9        EV:  7    Int: 13    God:
Gold:   67         SH:  0    Dex: 14    Spells: 9/9 levels left

rFire   . . .      SeeInvis +   Y - +0 hand axe (chaos)
rCold   . . .      Faith    .   (no shield)
rNeg    . . .      Spirit   .   f - +0 chain mail
rPois   +          Reflect  .   (helmet restricted)
rElec   .          Harm     .   (no cloak)
rCorr   .          Rampage  .   (no gloves)
Will    .....                   (boots unavailable)
Stlth   ..........              (no amulet)
HPRegen 0.11/turn               c - ring of see invisible
MPRegen 0.11/turn               l - ring of poison resistance

@: flying quickly and evasively, quick
A: beak, talons 3, nimble flight, iridescent scales 1, low MP 1
a: no special abilities


You were on level 4 of the Dungeon.
You visited 1 branch of the dungeon, and saw 4 of its levels.

You collected 111 gold pieces.
You spent 44 gold pieces at shops.


Innate Abilities, Weirdness & Mutations

You have a beak for a mouth.
You have claws for feet.
Your magical nature lets you fly swiftly and evasively.
You are partially covered in iridescent scales. (AC +2)
Your magical capacity is low. (-10% MP)


   Skills:
 - Level 2.0 Fighting
 + Level 6.7 Axes
 - Level 1.0 Throwing
 - Level 3.3 Armour
 - Level 2.1 Dodging
 - Level 2.0 Spellcasting
 - Level 2.4 Translocations


You had 9 spell levels left.
You didn't know any spells.
Your spell library contained the following spells:

 Spells                   Type           Power      Damage    Failure   Level
 Blink                    Tloc           14%        N/A       99%         2
 Gell's Gravitas          Tloc           7%         N/A       100%        3
 Lesser Beckoning         Tloc           7%         N/A       100%        3
 Teleport Other           Tloc           7%         N/A       100%        3
 Manifold Assault         Tloc           7%         N/A       100%        5

Inventory:

Hand Weapons
 d - a +0 flail
 Y - a +0 hand axe of chaos (weapon)
Armour
 f - a +0 chain mail (worn)
Jewellery
 c - a ring of see invisible (left hand)
 i - a ring of see invisible
 l - a ring of poison resistance (right hand)
Scrolls
 a - a scroll of teleportation {unknown}
 e - 4 scrolls of identify
Potions
 b - a potion of cancellation
 h - a potion of mutation
 o - 2 potions of curing

Dungeon Overview and Level Annotations

Branches:
Dungeon (4/15)
 Temple: D:4-7

Altars:
Nemelex Xobeh
Ru

Shops:
D:1 (   D:2 ?

Annotations:
D:4 4 transporters, Edmund; qw's ghost, amateur TeWr


Message History

The shadow imp shouts!
Edmund the Younger comes into view.
He is wielding a +2 flail of holy wrath.
Edmund shouts!
Enter note: You closely miss Edmund.
Edmund closely misses you.
You hit Edmund. You peck Edmund, but do no damage.
Edmund is lightly wounded.
Edmund barely misses you.
You barely miss Edmund. You claw Edmund, but do no damage.
Edmund is lightly wounded.
Edmund barely misses you.
You completely miss Edmund. You claw Edmund. Your peck misses Edmund.
Edmund is lightly wounded.
Edmund hits you with a +2 flail of holy wrath.
You hit Edmund but do no damage. You peck Edmund, but do no damage.
Edmund is lightly wounded.
Edmund hits you but does no damage.
You hit Edmund but do no damage.
Edmund is poisoned.
You claw Edmund!
Edmund is moderately wounded.
Edmund hits you with a +2 flail of holy wrath!
You slash Edmund! You burn Edmund. You claw Edmund, but do no damage.
You peck Edmund, but do no damage.
Edmund is heavily wounded.
Edmund completely misses you.
You hit Edmund but do no damage.
Edmund looks as sick as possible!
Your kick misses Edmund.
Edmund is heavily wounded.
Edmund hits you but does no damage.
You hit Edmund.
Edmund seems to grow stronger.
You claw Edmund, but do no damage.
Edmund is severely wounded.
Edmund hits you with a +2 flail of holy wrath!
You hit Edmund.
Edmund easily resists.
Edmund is severely wounded.
Edmund hits you with a +2 flail of holy wrath.
You hit Edmund but do no damage.
Edmund is severely wounded.
Edmund hits you with a +2 flail of holy wrath!
You die...

~~~~~#.P#..)....
..#$.#..~~~..#..#...####
.^#^$+..~7~..+/^#^..#
..#$.#..~PP..#..#..##
#.#P.#~~~~~~~#.P#.##
#.#8~#.5.....#P8#.#
#.###############.#
#.................#
.......@.........##
####.#@###.#####.# #.
#.# #.# #. #.# #.# #.
#.# #.# #. #.# #.# #.
#.# #.# #. ..# #.# #.#


You could see Edmund (strong, extremely poisoned) and a shadow imp.

Vanquished Creatures
  Menkaure (D:4)
  2 orc wizards (D:3)
  Natasha (thrice) (D:3)
  3 adders (D:2)
  A dart slug (D:3)
  11 orcs
  A bat (D:3)
  9 endoplasms
  3 giant cockroaches
  5 goblins
  7 hobgoblins
  2 kobolds
  3 quokkas
  6 ball pythons
  2 frilled lizards (D:1)
  7 rats
66 creatures vanquished.

Notes
Turn   | Place    | Note
-------+----------+-------------------------------------------
     0 | D:1      | qw the Tengu Warper began the quest for the Orb.
     0 | D:1      | Reached XP level 1. HP: 12/12 MP: 4/4
     0 | D:1      | 0 ||| qw: Version: 0.1-a-89-g26bdef1
     0 | D:1      | 0 ||| qw: Game counter: 1256
     0 | D:1      | 0 ||| qw: Always use a shield: true
     0 | D:1      | 0 ||| qw: God list: Okawaru
     0 | D:1      | 0 ||| qw: Allow faded altars: false
     0 | D:1      | 0 ||| qw: Do Orc after D:15 true
     0 | D:1      | 0 ||| qw: Do second Lair branch before Depths: true
     0 | D:1      | 0 ||| qw: Lair rune preference: random
     0 | D:1      | 0 ||| qw: Plans: Normal
     0 | D:1      | 0 ||| PLANNING D:1-11
   201 | D:1      | HP: 3/12 [poisoned by a goblin]
   203 | D:1      | HP: 1/12 [poisoned by a goblin]
   689 | D:1      | Reached skill level 3 in Axes
   689 | D:1      | Reached XP level 2. HP: 16/17 MP: 6/6
  1077 | D:1      | Found a faded altar of an unknown god.
  1506 | D:1      | Found Hinget's Antique Weapon Shoppe.
  1693 | D:1      | 1693 ||| READING scroll labelled BAACLU BYEKIM.
  1694 | D:1      | 1694 ||| READING 3 scrolls labelled UMIATEMMYN.
  1695 | D:1      | 1695 ||| READING scroll labelled KYNKIONWUE.
  1696 | D:1      | 1696 ||| READING scroll labelled TIMEEH WASA.
  1697 | D:1      | 1697 ||| READING 2 scrolls of identify.
  1697 | D:1      | 1697 ||| IDENTIFYING sapphire potion
  1698 | D:1      | 1698 ||| DROPPING scroll of blinking.
  1762 | D:2      | 1762 ||| Stepping ~*~*~tactically~*~*~ (stealth).
  1764 | D:2      | Reached XP level 3. HP: 18/21 MP: 7/7
  1804 | D:2      | 1804 ||| Stepping ~*~*~tactically~*~*~ (stealth).
  1806 | D:2      | 1806 ||| Stepping ~*~*~tactically~*~*~ (stealth).
  1819 | D:2      | 1819 ||| Stepping ~*~*~tactically~*~*~ (stealth).
  1892 | D:2      | 1892 ||| Stepping ~*~*~tactically~*~*~ (stealth).
  1896 | D:2      | 1896 ||| FLEEEEING.
  1897 | D:2      | 1897 ||| FLEEEEING.
  1898 | D:2      | 1898 ||| FLEEEEING.
  1899 | D:2      | 1899 ||| FLEEEEING.
  1899 | D:2      | Found Ituakkukeu's Magic Scroll Emporium.
  1900 | D:2      | 1900 ||| FLEEEEING.
  1901 | D:2      | 1901 ||| FLEEEEING.
  1902 | D:2      | 1902 ||| FLEEEEING.
  1903 | D:2      | 1903 ||| FLEEEEING.
  1904 | D:2      | 1904 ||| STAIRDANCE
  1945 | D:1      | 1945 ||| UPGRADING to +0 ring mail.
  1955 | D:1      | 1955 ||| DROPPING +0 leather armour.
  1956 | D:1      | 1956 ||| UPGRADING to ring of see invisible.
  1961 | D:2      | Reached skill level 4 in Axes
  1998 | D:2      | 1998 ||| SHOPLISTING scroll of enchant armour (82 gold,
                  | have 59).
  1998 | D:2      | 1998 ||| BUYING scroll of identify (22 gold).
  1998 | D:2      | Bought a scroll of identify for 22 gold pieces
  1998 | D:2      | 1998 ||| BUYING scroll of identify (22 gold).
  1998 | D:2      | Bought a scroll of identify for 22 gold pieces
  1998 | D:2      | 1998 ||| SHOPLISTING scroll of teleportation (33 gold, have
                  | 15).
  2316 | D:2      | Found a sparkling altar of Nemelex Xobeh.
  2388 | D:2      | Reached XP level 4. HP: 26/26 MP: 8/8
  2764 | D:2      | 2764 ||| UPGRADING to ring of poison resistance.
  2765 | D:2      | 2765 ||| DRINKING 2 emerald potions.
  2765 | D:2      | Gained mutation: You are partially covered in iridescent
                  | scales. (AC +2) [potion of mutation]
  2765 | D:2      | Gained mutation: Your magical capacity is low. (-10% MP)
                  | [potion of mutation]
  2766 | D:2      | 2766 ||| DRINKING 2 white potions.
  2767 | D:2      | 2767 ||| READING 4 scrolls of identify.
  2767 | D:2      | 2767 ||| IDENTIFYING lumpy pink potion
  2768 | D:2      | 2768 ||| READING 3 scrolls of identify.
  2768 | D:2      | 2768 ||| IDENTIFYING grey potion
  2769 | D:2      | 2769 ||| READING 2 scrolls of identify.
  2769 | D:2      | 2769 ||| IDENTIFYING fizzy golden potion
  2770 | D:2      | 2770 ||| DROPPING potion of degeneration.
  2771 | D:2      | 2771 ||| DROPPING potion of flight.
  2795 | D:3      | Noticed Natasha
  2796 | D:3      | 2796 ||| STAIRDANCE
  2862 | D:2      | 2862 ||| DROPPING +0 whip.
  2866 | D:3      | 2866 ||| STAIRDANCE
  2937 | D:3      | 2937 ||| DRINKING potion of curing.
  2937 | D:3      | 2937 ||| (to cure confusion)
  2938 | D:3      | HP: 1/26 [orc wizard/+1 dagger of distortion (16)]
  2939 | D:3      | 2939 ||| DRINKING potion of heal wounds.
  2940 | D:3      | Killed Natasha
  2941 | D:3      | Reached skill level 5 in Axes
  2946 | D:3      | HP: 6/26 [orc wizard/+1 dagger of distortion (4)]
  2948 | D:3      | HP: 2/26 [orc wizard/+1 dagger of distortion (3)]
  2950 | D:3      | Gained mutation: Your magical nature lets you fly swiftly
                  | and evasively. [Tengu growth]
  2950 | D:3      | Reached XP level 5. HP: 2/30 MP: 8/8
  3139 | D:3      | Noticed Natasha
  3140 | D:3      | 3140 ||| Stepping ~*~*~tactically~*~*~ (stealth).
  3141 | D:3      | 3141 ||| Stepping ~*~*~tactically~*~*~ (stealth).
  3147 | D:3      | Killed Natasha
  3368 | D:3      | Reached skill level 6 in Axes
  3595 | D:3      | 3595 ||| Stepping ~*~*~tactically~*~*~ (hiding).
  3597 | D:3      | 3597 ||| Stepping ~*~*~tactically~*~*~ (hiding).
  3767 | D:3      | Noticed Natasha
  3768 | D:3      | 3768 ||| Stepping ~*~*~tactically~*~*~ (hiding).
  3778 | D:3      | Killed Natasha
  3779 | D:3      | Reached XP level 6. HP: 25/35 MP: 9/9
  3952 | D:3      | 3952 ||| UPGRADING to +0 chain mail.
  3962 | D:3      | 3962 ||| DROPPING +0 ring mail.
  3963 | D:3      | 3963 ||| READING scroll labelled SUVAHO RIMNI.
  3964 | D:3      | 3964 ||| READING scroll labelled GUHIDI KIRCHO.
  3965 | D:3      | 3965 ||| DRINKING 2 clear potions.
  4066 | D:3      | 4066 ||| DRINKING 3 orange potions.
  4170 | D:3      | 4170 ||| READING 6 scrolls of identify.
  4170 | D:3      | 4170 ||| IDENTIFYING puce potion
  4171 | D:3      | 4171 ||| READING 5 scrolls of identify.
  4171 | D:3      | 4171 ||| IDENTIFYING red potion
  4172 | D:3      | 4172 ||| DROPPING potion of ambrosia.
  4173 | D:3      | 4173 ||| DROPPING 2 potions of berserk rage.
  4174 | D:3      | 4174 ||| DROPPING potion of invisibility.
  4175 | D:3      | 4175 ||| DROPPING potion of magic.
  4180 | D:4      | Found a transporter.
  4181 | D:4      | Noticed qw's ghost (amateur TeWr)
  4182 | D:4      | Found a transporter.
  4185 | D:4      | Found a sacrificial altar of Ru.
  4222 | D:4      | Noticed Menkaure
  4228 | D:4      | Killed Menkaure
  4229 | D:4      | Reached skill level 3 in Armour
  4400 | D:4      | Found a transporter.
  4431 | D:4      | Found a transporter.
  4435 | D:4      | Noticed Edmund
  4446 | D:4      | Slain by Edmund

Levels and vault maps discovered:
D:1:      dpeg_arrival_circle_labyrinth_c, layout_basic, serial_shops, shop,
          chequers_ecumenical_altar_island, minmay_misc_feat_diagonals
D:2:      minmay_angry_zag, layout_loops_ring, basic_altar, serial_shops, shop,
          nicolae_figureground_sparkle
D:3:      layout_rooms, uniq_natasha
D:4:      gammafunk_wand_slinger, layout_basic, kennysheep_mini_moat,
          general_overflow_altar, mainiacjoe_overflow_catch_the_wave,
          gammafunk_ghost_smash, minmay_fountain_box, minivault_26,
          dk_noncrumbling_2, uniq_edmund, uniq_menkaure

Skill      XL: |  1  2  3  4  5  6 |
---------------+-------------------+-----
Axes           | 3 4 5 6 |  6.7
Armour         | 3 |  3.3
Fighting       | |  2.0
Throwing       | |  1.0
Dodging        | |  2.1
Spellcasting   | |  2.0
Translocations | |  2.4

Action                   |  1- 3 |  4- 6 || total
-------------------------+-------+-------++-------
Melee: Hand axe          |    70 |    84 ||   154
       Peck              |    12 |    10 ||    22
       Kick              |    13 |    32 ||    45
       Punch             |     1 |       ||     1
Throw: Boomerang         |     7 |    17 ||    24
  Use: Scroll            |     5 |     7 ||    12
       Potion            |       |     6 ||     6
Armor: Leather armour    |     5 |       ||     5
       Ring mail         |     9 |    23 ||    32
       Chain mail        |       |     4 ||     4
Dodge: Dodged            |    26 |    47 ||    73

Table legend:
 A = Non-vault XP
 B = Vault XP
 C = Vault XP percentage of total XP
 D = Non-vault monster count
 E = Vault monster count
 F = Vault count percentage of total count
                 A         B        C        D         E       F
            +---------+---------+-------+---------+---------+-------
      Total |     264 |     243 |  47.9 |      58 |       8 |  12.1
            +---------+---------+-------+---------+---------+-------
        D:1 |      33 |       0 |   0.0 |      19 |       0 |   0.0
        D:2 |      44 |      36 |  45.0 |      17 |       6 |  26.1
        D:3 |     181 |      35 |  16.2 |      19 |       1 |   5.0
        D:4 |       6 |     172 |  96.6 |       3 |       1 |  25.0
            +---------+---------+-------+---------+---------+-------
